 Dungeon Crawl Stone Soup version 0.28-a0-1389-gc726bef33b (webtiles) character file.

Game seed: 11166118745678937414

23593 grumblor the Cleaver (level 13, -2/65 HPs)
             Began as a Vine Stalker Fighter on Jan 3, 2022.
             Was an Elder of Sif Muna.
             Slain by an orc knight (6 damage)
             ... on level 1 of the Orcish Mines.
             The game lasted 00:31:44 (14014 turns).

grumblor the Cleaver (Vine Stalker Fighter)        Turns: 14014, Time: 00:31:45

Health: -2/65      AC: 15    Str: 25    XL:     13   Next: 7%
Magic:  0/25       EV:  9    Int:  8    God:    Sif Muna [****..]
Gold:   942        SH: 10    Dex: 13    Spells: 27/27 levels left

rFire   . . .      SeeInvis .   k - +4 war axe (vamp)
rCold   + . .      Faith    .   E - +0 kite shield
rNeg    . . .      Spirit   +   I - +1 chain mail "Vuegh" {rPois rCorr Stlth+}
rPois   +          Reflect  .   p - +1 helmet
rElec   .          Harm     .   t - +0 cloak
rCorr   +          Rampage  .   r - +0 pair of gloves
Will    +....                   (no boots)
Stlth   ..........              d - amulet of regeneration
HPRegen 1.80/turn               i - ring of protection from cold
MPRegen 0.19/turn               (no ring)

@: no status effects
A: fangs 3, regeneration 1, magic shield, antimagic bite, no potion heal 2
a: Renounce Religion, Channel Magic, Forget Spell, Divine Exegesis


You were on level 1 of the Orcish Mines.
You worshipped Sif Muna.
Sif Muna was greatly pleased with you.
You visited 3 branches of the dungeon, and saw 14 of its levels.

You collected 942 gold pieces.

Inventory:

Hand Weapons
 a - a +1 war axe of protection
 k - a +4 vampiric war axe (weapon)
 o - a +2 flail of draining
 A - a +2 hand axe
 J - a +2 flail of protection
Missiles
 j - 7 throwing nets
 q - 7 boomerangs
 s - 40 poisoned darts (quivered)
 F - a curare-tipped dart
 H - 5 boomerangs of dispersal
Armour
 p - a +1 helmet (worn)
 r - a +0 pair of gloves (worn)
 t - a +0 cloak (worn)
 E - a +0 kite shield (worn)
 I - the +1 chain mail "Vuegh" (worn) {rPois rCorr Stlth+}
   (You found it on level 12 of the Dungeon)

   rPois:     It protects you from poison.
   rCorr:     It protects you from acid and corrosion.
   Stlth:     It makes you more stealthy.
Jewellery
 d - an amulet of regeneration (around neck)
 i - a ring of protection from cold (left hand)
Wands
 c - a wand of paralysis (5)
 u - a wand of digging (7)
 y - a wand of flame (24)
 z - a wand of acid (4)
Scrolls
 l - 2 scrolls of teleportation
 B - a scroll of magic mapping
 G - a scroll of brand weapon
Potions
 b - a potion of might
 e - a potion of invisibility
 f - 8 potions of curing
 g - 2 potions of haste
 h - 3 potions of mutation
 m - 2 potions of cancellation
 n - 3 potions of degeneration {unknown}
 v - a potion of magic {unknown}
 w - 2 potions of ambrosia {unknown}
 x - 3 potions of lignification {unknown}
 C - a potion of flight {unknown}
Miscellaneous
 D - a phantom mirror


   Skills:
 + Level 6.2 Fighting
 * Level 10.7 Axes
 + Level 4.0 Throwing
 + Level 5.9 Armour
 - Level 6.0 Dodging
 * Level 7.4 Shields
 * Level 7.9 Spellcasting
 * Level 5.8 Invocations
 * Level 5.5 Evocations


You had 27 spell levels left.
You didn't know any spells.
Your spell library contained the following spells:

 Spells                   Type           Power      Damage    Failure   Level
 Magic Dart               Conj           12%        1d3       97%         1
 Sandblast                Erth           6%         2d5       97%         1
 Summon Small Mammal      Summ           12%        N/A       97%         1
 Blink                    Tloc           6%         N/A       99%         2
 Passwall                 Tmut/Erth      2%         N/A       99%         2
 Searing Ray              Conj           6%         2d4       99%         2
 Call Canine Familiar     Summ           3%         N/A       100%        3
 Gell's Gravitas          Tloc           3%         N/A       100%        3
 Lesser Beckoning         Tloc           3%         N/A       100%        3
 Ozocubu's Armour         Ice            3%         N/A       100%        3
 Stone Arrow              Conj/Erth      6%         3d7       100%        3
 Summon Guardian Golem    Hex/Summ       3%         N/A       100%        3
 Teleport Other           Tloc           3%         N/A       100%        3
 Fulminant Prism          Conj/Hex       1%         3d6       100%        4
 Leda's Liquefaction      Hex/Erth       1%         N/A       100%        4
 Lee's Rapid Deconstruct  Erth           1%         3d5*      100%        5
 Manifold Assault         Tloc           3%         N/A       100%        5
 Statue Form              Tmut/Erth      2%         N/A       100%        6
 Ozocubu's Refrigeration  Ice            1%         4d5       100%        7


Dungeon Overview and Level Annotations

Branches:
Dungeon (12/15)            Temple (1/1) D:5            Lair (0/6) D:8
    Orc (1/2) D:12

Altars:
Ashenzari
Cheibriados
Elyvilon
Fedhas
Kikubaaqudgha
Makhleb
Sif Muna
Trog
Uskayaw
Vehumet
Wu Jian
Xom
Zin
The Shining One

Shops:
D:3 *   D:7 *   Orc:1 [

Portals:
Trove: D:10 (give 2 scrolls of acquirement)

Annotations:
D:3 1 runed translucent door


Innate Abilities, Weirdness & Mutations

You have razor-sharp teeth.
Your natural rate of healing is unusually fast.
When hurt, damage is shared between your health and your magic reserves.
Your bite disrupts and absorbs the magic of your enemies.
Potions cannot restore your health.


Message History

The orc knight is moderately wounded.
The orc knight hits you with a +3 vorpal battleaxe!
You hit the orc knight. Your bite misses the orc knight.
The orc knight is moderately wounded.
You block the orc knight's attack.
You hit the orc knight.
You feel better.
You bite the orc knight. You drain its power.
You feel invigorated.
The orc knight is heavily wounded.
The orc knight hits you with a +3 vorpal battleaxe! x2
You hit the orc knight but do no damage.
You bite the orc knight. You drain its power.
You feel invigorated.
The orc knight is heavily wounded.
The orc knight hits you with a +3 vorpal battleaxe!
The orc knight looks more healthy.
Throw: 42 darts (poison)
Press: ? - help, Q - select action, (/) - cycle Shift-Dir - straight line, f/p - orc knight
Aim: an orc knight, wielding a +3 vorpal battleaxe and wearing a +0 chain mail (heavily wounded, 60% to hit)
You throw a poisoned dart. The poisoned dart hits the orc knight.
The orc knight is poisoned.
The orc knight is heavily wounded.
You hit the orc knight but do no damage.
Your bite misses the orc knight.
The orc knight is heavily wounded.
The orc knight looks more healthy.
You block the orc knight's attack.
You closely miss the orc knight. You bite the orc knight! You drain its power.
You feel invigorated.
The orc knight is severely wounded.
The orc knight hits you with a +3 vorpal battleaxe! x2
Throw: 41 darts (poison)
Press: ? - help, Q - select action, (/) - cycle Shift-Dir - straight line, f/p - orc knight
Aim: an orc knight, wielding a +3 vorpal battleaxe and wearing a +0 chain mail (severely wounded, 58% to hit)
You throw a poisoned dart. The poisoned dart hits the orc knight.
The orc knight is poisoned.
The orc knight is severely wounded.
You hit the orc knight but do no damage.
Your bite misses the orc knight.
The orc knight is severely wounded.
The orc knight hits you with a +3 vorpal battleaxe!! x2
* * * LOW HITPOINT WARNING * * *
You die...

##.###....#.......#.#...#.
###.##.##.......#...#.#..
#...#####...........#...
##..#.# #........######.
##....## ##........# ..
##.....## #........## .
##.......####..##...##
####..............###.##
##..#......(..o@..###...#
#.........#........###.##
#.........#.#........###
##.#....#..####........#
#.......#...##........##
........>..##.........#
###........#......##.## #
####....(#......#.##
#................


You could see an orc knight (poisoned).

Vanquished Creatures
  Gastronok (D:8)
  Harold (D:12)
  A boulder beetle (D:11)
  A centaur warrior (D:10)
  5 two-headed ogres
  A death yak (D:7)
  The ghost of pokeman the Thaumaturge, a novice DEWz of Vehumet (D:9)
  2 orc knights
  Pikel (D:6)
  An ugly thing (D:12)
  2 cyclopes (D:11)
  2 centaur zombies (D:10)
  Joseph (D:12)
  An elephant (D:7)
  3 unseen horrors
  Maggie (D:8)
  A gargoyle (D:11)
  2 komodo dragons
  3 trolls
  A hornet (D:9)
  Grinder (D:6)
  4 slime creatures (D:12)
  A shadow (D:12)
  9 yaks
  The ghost of Clumpoid the Chopper, an amateur DDMo (D:3)
  Eustachio (D:4)
  2 wyverns
  A basilisk (D:7)
  A wraith (D:12)
  A steam dragon (D:7)
  8 vampire mosquitoes
  Edmund (D:4)
  An acid dragon (D:10)
  4 water moccasins
  Duvessa (D:4)
  10 orc warriors
  2 ice beasts
  2 black bears
  9 ogres
  4 centaurs
  2 lemures (D:6)
  A phantom (D:6)
  2 bullfrogs
  7 kobold brigands
  Blork the orc (D:4)
  6 gnoll sergeants
  4 scorpions
  A wyvern zombie (D:6)
  Dowan (D:4)
  3 wights (D:8)
  A howler monkey (D:5)
  2 bullfrog zombies (D:6)
  6 hounds
  2 jellies (D:5)
  2 bullfrog skeletons
  12 orc priests
  4 iguanas
  4 orc wizards
  A hound skeleton (D:4)
  A howler monkey zombie (D:9)
  21 gnolls
  6 adders
  A shadow imp (D:3)
  2 white imps
  2 ufetubi
  3 worms
  3 dart slugs
  41 orcs
  4 bats
  6 endoplasms
  5 giant cockroaches
  10 goblins
  7 hobgoblins
  3 quokkas
  9 ball pythons
  4 frilled lizards
  14 kobolds
  6 rats
306 creatures vanquished.

Vanquished Creatures (others)
  8 plants (D:5)
  2 withered plants (D:9)
10 creatures vanquished.

Grand Total: 316 creatures vanquished

Notes
Turn   | Place    | Note
-------+----------+-------------------------------------------
     0 | D:1      | grumblor the Vine Stalker Fighter began the quest for the
                  | Orb.
     0 | D:1      | Reached XP level 1. HP: 11/11 MP: 2/2
   385 | D:1      | Reached XP level 2. HP: 16/16 MP: 3/3
   728 | D:1      | Reached skill level 2 in Axes
   746 | D:1      | Found a faded altar of an unknown god.
   848 | D:1      | Reached XP level 3. HP: 19/19 MP: 5/5
  1523 | D:2      | Reached skill level 1 in Spellcasting
  2264 | D:2      | Gained mutation: Your natural rate of healing is unusually
                  | fast. [Vine Stalker growth]
  2264 | D:2      | Reached XP level 4. HP: 5/23 MP: 3/6
  2696 | D:3      | Found a runed translucent door.
  2696 | D:3      | Noticed a bullfrog
  2696 | D:3      | Noticed Clumpoid's ghost (amateur DDMo)
  2744 | D:3      | Reached skill level 1 in Dodging
  2777 | D:3      | Reached XP level 5. HP: 28/28 MP: 8/8
  2849 | D:3      | Found Weivux's General Store.
  2918 | D:3      | Noticed an ogre
  2945 | D:3      | Killed an ogre
  2946 | D:3      | Reached skill level 3 in Axes
  3249 | D:3      | Found a runed translucent door.
  3269 | D:3      | Reached XP level 6. HP: 32/32 MP: 10/10
  3289 | D:3      | Killed Clumpoid's ghost
  3290 | D:3      | Reached XP level 7. HP: 36/36 MP: 11/11
  3414 | D:4      | Noticed Eustachio
  3427 | D:4      | Reached skill level 4 in Axes
  3477 | D:4      | Killed Eustachio
  3606 | D:4      | Noticed Blork the orc
  3629 | D:4      | Killed Blork the orc
  3793 | D:4      | Gained mutation: You have razor-sharp teeth. [Vine Stalker
                  | growth]
  3793 | D:4      | Reached XP level 8. HP: 38/40 MP: 11/13
  3844 | D:4      | Noticed Edmund
  3845 | D:4      | Noticed Dowan
  3871 | D:4      | Killed Edmund
  4030 | D:4      | Noticed Duvessa
  4046 | D:4      | Killed Duvessa
  4047 | D:4      | Reached skill level 5 in Axes
  4063 | D:4      | Killed Dowan
  4211 | D:4      | Found a hide-covered altar of Uskayaw.
  4213 | D:4      | Found a blossoming altar of Fedhas.
  4385 | D:5      | Entered Level 5 of the Dungeon
  4416 | D:5      | Found a white marble altar of Elyvilon.
  4623 | D:3      | Reached skill level 1 in Throwing
  4825 | D:5      | Reached XP level 9. HP: 44/45 MP: 16/16
  4827 | D:5      | Reached skill level 1 in Evocations
  4877 | D:5      | Found a staircase to the Ecumenical Temple.
  4882 | Temple   | Entered the Ecumenical Temple
  4930 | Temple   | Became a worshipper of Sif Muna the Loreminder
  5175 | D:5      | Reached skill level 6 in Axes
  5244 | D:6      | Noticed Pikel
  5281 | D:6      | Killed Pikel
  5282 | D:6      | Reached skill level 1 in Invocations
  5332 | D:6      | Reached skill level 5 in Shields
  5481 | D:6      | Noticed Grinder
  5488 | D:6      | Killed Grinder
  5546 | D:6      | Reached XP level 10. HP: 51/51 MP: 18/18
  5549 | D:6      | Reached * piety under Sif Muna
  5604 | D:6      | Reached skill level 5 in Spellcasting
  6165 | D:7      | Reached skill level 7 in Axes
  6171 | D:7      | Found a bloodstained altar of Trog.
  6173 | D:7      | Found a burning altar of Makhleb.
  6529 | D:7      | Found a glowing silver altar of Zin.
  6529 | D:7      | Found Zin's Purification Station.
  6818 | D:8      | Noticed Maggie
  6842 | D:8      | Killed Maggie
  7195 | D:8      | Noticed a death yak
  7200 | D:8      | Noticed an elephant
  7218 | D:7      | HP: 2/50 [death yak (4)]
  7862 | D:7      | Killed a death yak
  8026 | D:7      | Killed an elephant
  8071 | D:8      | Found a staircase to the Lair.
  8092 | D:8      | Found a radiant altar of Vehumet.
  8285 | D:8      | Noticed Gastronok
  8374 | D:8      | Killed Gastronok
  8375 | D:8      | Reached skill level 5 in Fighting
  8375 | D:8      | Reached XP level 11. HP: 55/55 MP: 17/21
  8527 | D:8      | Found a shimmering altar of Xom.
  8874 | D:9      | Reached skill level 5 in Armour
  8960 | D:9      | Found a runed translucent door.
  8960 | D:9      | Noticed pokeman's ghost (novice DEWz)
  9008 | D:9      | Killed pokeman's ghost
  9149 | D:9      | Paralysed by a hornet for 2 turns
  9156 | D:9      | Reached skill level 8 in Axes
  9314 | D:9      | Reached ** piety under Sif Muna
  9469 | D:10     | Entered Level 10 of the Dungeon
  9545 | D:10     | Found a portal to a secret trove of treasure.
  9585 | D:10     | Noticed a centaur warrior
 10365 | D:10     | Killed a centaur warrior
 10366 | D:10     | Reached skill level 5 in Dodging
 10818 | D:10     | Noticed a two-headed ogre
 10845 | D:10     | Killed a two-headed ogre
 10935 | D:11     | Noticed a two-headed ogre
 11019 | D:10     | Killed a two-headed ogre
 11216 | D:11     | Noticed a cyclops
 11226 | D:11     | Killed a cyclops
 11227 | D:11     | Reached XP level 12. HP: 60/60 MP: 23/23
 11281 | D:11     | You fall into a shaft and drop 1 floor!
 11408 | D:11     | Reached skill level 9 in Axes
 11769 | D:11     | Reached skill level 5 in Invocations
 11978 | D:12     | Noticed a two-headed ogre
 11994 | D:12     | Killed a two-headed ogre
 12239 | D:12     | Identified the +1 chain mail "Vuegh" {rPois rCorr Stlth+}
 12340 | D:12     | Noticed a two-headed ogre
 12341 | D:12     | Noticed Harold
 12353 | D:12     | Killed a two-headed ogre
 12359 | D:12     | Killed Harold
 12360 | D:12     | Reached skill level 5 in Evocations
 12367 | D:12     | Noticed Joseph
 12369 | D:12     | Noticed a boulder beetle
 12371 | D:12     | Noticed a two-headed ogre
 12611 | D:11     | Killed a two-headed ogre
 12677 | D:11     | Reached skill level 10 in Axes
 12819 | D:11     | Killed a boulder beetle
 12858 | D:12     | Killed Joseph
 13101 | D:12     | Found a staircase to the Orcish Mines.
 13157 | D:12     | Reached *** piety under Sif Muna
 13335 | D:12     | Reached XP level 13. HP: 63/65 MP: 21/25
 13727 | Orc:1    | Entered Level 1 of the Orcish Mines
 13798 | Orc:1    | Found Kucwiw's Armour Emporium.
 13828 | Orc:1    | Reached **** piety under Sif Muna
 14014 | Orc:1    | Slain by an orc knight

Illustrated notes

Levels and vault maps discovered:
D:1:      dpeg_arrival_water_fire, layout_loops_ring,
          ebering_ecumenical_altar_rust, minmay_misc_feat_chi
D:2:      layout_loops_ring
D:3:      layout_loops_ring, ebering_ghost_sewer_f, serial_shops, shop
D:4:      layout_basic, chequers_temple_overflow_statue_of_worship,
          uniq_blork_the_orc, uniq_edmund, uniq_duvessa, uniq_eustachio
D:5:      layout_rooms, kennysheep_mini_moat, minmay_temple_entry_glassed_door,
          lexackson_kobold_supper
D:6:      layout_loops_ring, uniq_grinder, uniq_pikel
D:7:      layout_loops_corners, zin_purify, grunt_temple_overflow_open
D:8:      layout_cave_pods, mainiacjoe_overflow_alcove_2,
          nicolae_vehumet_radiance, david_lair_generic, uniq_gastronok,
          uniq_maggie
D:9:      layout_roguey, gammafunk_ghost_grave
D:10:     layout_basic, nicolae_trove_entry_isolated, lemuel_old_faithful
D:11:     layout_stronghold, serial_column_ruins, column_ruins_circle_medium,
          column_ruins_hut, column_ruins_columns_T, column_ruins_grid_1,
          column_ruins_columns_corner, column_ruins_grid_1,
          column_ruins_open_small, column_ruins_grid_1
D:12:     layout_cave_pools, kennysheep_orc_monster_closet_entryway,
          special_room [special_room_orc], sword_in_stone
Temple:   jpeg_temple_clearing
Orc:1:    layout_diamond_mine, serial_shops, nicolae_diamond_shop,
          nicolae_orc_lava_tube, lemuel_statue_altar

Skill      XL: |  1  2  3  4  5  6  7  8  9 10 11 12 |
---------------+-------------------------------------+-----
Axes           | 2 3 4 5 6 7 8 10 | 10.7
Shields        | 3 4 5 6 7 |  7.4
Spellcasting   | 1 2 3 4 6 7 |  7.9
Dodging        | 1 2 3 4 5 6 |  6.0
Fighting       | 3 4 5 6 |  6.2
Armour         | 3 4 5 |  5.9
Throwing       | 1 2 4 |  4.0
Evocations     | 2 3 4 5 |  5.5
Invocations    | 2 3 4 5 |  5.8

Action                   |  1- 3 |  4- 6 |  7- 9 | 10-12 | 13-15 || total
-------------------------+-------+-------+-------+-------+-------++-------
Melee: War axe           |   106 |    83 |   326 |   545 |    87 ||  1147
       Bite              |    35 |    25 |    88 |   221 |    28 ||   397
Throw: Throwing net      |       |       |     2 |     3 |       ||     5
       Dart              |       |       |       |    39 |    12 ||    51
       Boomerang         |       |       |       |     8 |       ||     8
Evoke: Wand              |       |       |       |    11 |       ||    11
  Use: Scroll            |     4 |     2 |     4 |    13 |       ||    23
       Potion            |       |       |     1 |     1 |       ||     2
 Stab: Held in net/web   |       |       |     2 |       |       ||     2
Armor: Scale mail        |    43 |       |       |       |       ||    43
       Chain mail        |       |    48 |   208 |   145 |    19 ||   420
       Acid dragon scale |       |       |       |   101 |       ||   101
       Plate armour      |       |       |       |    66 |       ||    66
Dodge: Dodged            |    50 |    26 |   130 |   240 |    21 ||   467
Block: Buckler           |    21 |    14 |   105 |   155 |       ||   295
       Kite shield       |       |       |       |    63 |    48 ||   111

Table legend: (Time is in decaauts)
 A = Elapsed time spent in this place.
 B = Non-inter-level travel time spent in this place.
 C = Inter-level travel time spent in this place.
 D = Time resting spent in this place.
 E = Time spent auto-exploring this place.
 F = Levels seen in this place.
 G = Mean time per level.
                   A        B        C        D        E       F      G
               +--------+--------+--------+--------+--------+-----+--------+
         Total |  14259 |  13803 |    456 |   2477 |   8235 |  14 | 1018.5 |
       Dungeon |  13896 |  13480 |    416 |   2477 |   8060 |  12 | 1158.0 |
        Temple |     71 |     32 |     39 |      0 |     26 |   1 |   71.0 |
  Orcish Mines |    290 |    290 |      0 |      0 |    149 |   1 |  290.0 |
               +--------+--------+--------+--------+--------+-----+--------+

Top non-repeatable levels by time:
     D:7: 1662 daAuts
     D:9: 1604 daAuts
     D:2: 1367 daAuts
    D:12: 1360 daAuts
    D:11: 1278 daAuts
     D:1: 1244 daAuts
     D:4: 1104 daAuts
     D:8: 1072 daAuts
     D:3: 1013 daAuts
    D:10: 910 daAuts
     D:6: 719 daAuts
     D:5: 558 daAuts
   Orc:1: 290 daAuts
  Temple: 71 daAuts
